AoeStats
← j.larrain.u

Arabia

507691010Analyzed
1v1 RM · 14d ago on Sep 19, 2026· 27m 20s· 2 players
Game mode
Random Map
Map size
Tiny (2 player)
Population
200
Speed
Normal
Resources
Standard
Victory
Conquest
Starting age
Dark Age
Ending age
Imperial Age
RankedLock teamsTeams togetherTeam positionsShared explorationLock speedFull tech treeHidden civsTurbo modeCheats
Victory
Defeat
🇹🇼 Wei · Taiwan
1015
+15
🇨🇱 Bulgarians · Chile
1000
-45
j.larrain.u
13:11 Feudal Age
18:05 Horse Collar
21:31 Double-Bit Axe
雞丁變但丁
11:21 Feudal Age
9:37 Loom
12:04 Double-Bit Axe
16:19 Horse Collar
19:06 Wheelbarrow
18:34 Man-at-Arms
21:55 Castle Age
19:56 Fletching
20:28 Gold Mining
21:23 Bloodlines
22:47 Husbandry
22:44 Bodkin Arrow
23:48 Bow Saw
25:24 Ballistics
Connection lost

Rejoining the realm…

Still unreachable

The connection could not be restored.

Session expired

The server has moved on; the page needs a fresh start.